 Dungeon Crawl Stone Soup version 0.23.2 (webtiles) character file.

Game seed: 10494943148916740749

2860 Redear the Blocker (level 9, 0/82 HPs)
             Began as a Minotaur Fighter on Apr 1, 2019.
             Was an Elder of the Shining One.
             Slain by Joseph
             ... wielding a +4 quarterstaff
              (14 damage)
             ... on level 7 of the Dungeon.
             The game lasted 00:11:52 (4818 turns).

Redear the Blocker (Minotaur Fighter)               Turns: 4818, Time: 00:11:52

Health: 0/82       AC:  8    Str: 27    XL:     9   Next: 47%
Magic:  8/8        EV:  9    Int:  5    God:    the Shining One [****..]
Gold:   415        SH: 12    Dex: 12    Spells: 8/8 levels left

rFire    . . .     SeeInvis .   a - +0 war axe
rCold    . . .     Gourm    .   c - +0 shield
rNeg     + + .     Faith    .   x - +2 leather armour {MR+} {MR+}
rPois    .         Spirit   .   (helmet restricted)
rElec    .         Reflect  .   H - +0 cloak
rCorr    .         Harm     .   G - +0 pair of gloves
MR       +....                  (no boots)
Stlth    +.........             (no amulet)
HPRegen  0.23/turn              (no ring)
MPRegen  0.11/turn              (no ring)

@: mighty, glowing
A: retaliatory headbutt, horns 2
a: Divine Shield, Cleansing Flame, Renounce Religion


You were on level 7 of the Dungeon.
You worshipped the Shining One.
The Shining One was greatly pleased with you.
You were hungry.

You visited 1 branch of the dungeon, and saw 7 of its levels.

You collected 415 gold pieces.


Innate Abilities, Weirdness & Mutations

You reflexively headbutt those who attack you in melee.
You have a pair of horns on your head.

Inventory:

Hand Weapons
 a - a +0 war axe (weapon)
 n - a +1 spear of piercing
 N - a cursed -2 falchion
Missiles
 q - 3 curare-tipped needles
 v - 8 poisoned needles
 z - 53 bolts
 A - 13 tomahawks (quivered)
 C - 8 needles of sleeping
 K - 39 sling bullets
 L - 92 arrows
Armour
 b - a +0 scale mail
 c - a +0 shield (worn)
 s - a +0 pair of gloves
 x - a +2 leather armour of magic resistance (worn) {MR+}
 G - a +0 pair of gloves (worn)
 H - a +0 cloak (worn)
 P - a +0 hat
Jewellery
 u - an uncursed ring of positive energy {unknown}
 B - a +5 ring of dexterity {unknown}
 D - an uncursed amulet of harm {unknown}
 J - an uncursed ring of see invisible {unknown}
Wands
 o - a wand of flame (12)
 y - a wand of iceblast (10)
 F - a wand of paralysis (8)
Scrolls
 e - 3 scrolls of fear {unknown}
 g - a scroll of enchant armour {unknown}
 h - 2 scrolls of blinking {unknown}
 i - a scroll of immolation {unknown}
 k - 5 scrolls of identify {unknown}
 p - 3 scrolls of remove curse {unknown}
 t - 2 scrolls of fog {unknown}
 w - 4 scrolls of teleportation {unknown}
 E - a scroll of random uselessness {unknown}
 I - 2 scrolls of enchant weapon {unknown}
Potions
 d - a potion of might {Str+5 DMG+1d10}
 j - a potion of brilliance {Archmagi Int+5 Wiz++}
 l - a potion of invisibility
 r - a potion of flight
Comestibles
 f - 12 rations


You had 8 spell levels left.
You didn't know any spells.
Your spell library was empty.


   Skills:
 + Level 8.7 Fighting
 + Level 8.2 Axes
 + Level 8.6 Armour
 + Level 8.7 Shields

Dungeon Overview and Level Annotations

Branches:
Dungeon (7/15)             Temple (0/1) D:5

Altars:
Nemelex Xobeh
Qazlal
The Shining One

Shops:
D:7 }%:

Annotations:
D:7 Joseph

Levels and vault maps discovered:
D:1:      dpeg_arrival_rooms_with_view, layout_loops_cross, st_stairs_3,
          minivault_14, minmay_pentomino_r2
D:2:      minmay_angry_zag, layout_basic, serial_undead, serial_undead_a,
          serial_undead_e, serial_undead_e, serial_undead_c,
          chequers_ecumenical_altar_twisty, nemelex_dance_club_becter
D:3:      layout_loops_ring, kennysheep_donut, chequers_hall_statues_wall_a,
          uniq_ijyb
D:4:      layout_basic, first_ration
D:5:      layout_gridville, minmay_temple_entry_glassed_door
D:6:      layout_loops_ring
D:7:      layout_basic, ebering_ghost_disaster_area, serial_shops, shop_statue,
          shop_fountains, shop, nicolae_shop_behind_doors,
          nicolae_shop_waterfront, nicolae_qazlal_general_emergency,
          uniq_menkaure, uniq_joseph, uniq_duvessa
You       could see Joseph.


Message History

Unknown command.
Unknown command.
Unknown command.
Okay, then.
You slice the black bear!!
The black bear is severely wounded.
You block the black bear's attack.
The black bear claws you but does no damage.
You block the black bear's attack.
You slash the black bear!
You kill the black bear!
You are feeling hungry.
Unknown command.
Joseph unwields a +2 hunting sling of velocity.
Joseph wields a +4 quarterstaff.
Joseph hits you with a +4 quarterstaff!
Things that are here:
a sling bullet; a black bear corpse You lost 11 HP.
You have now: 42/82 HP.
Unknown command.
You slash Joseph!
Joseph is moderately wounded.
Joseph hits you with a +4 quarterstaff!
* * * LOW HITPOINT WARNING * * *
You lost 11 HP.
You have now: 31/82 HP.
You barely miss Joseph. Your headbutt misses Joseph.
Joseph is moderately wounded.
You block Joseph's attack.
Okay, then.
Okay, then.
You completely miss Joseph.
Joseph is moderately wounded.
Joseph hits you with a +4 quarterstaff!
* * * LOW HITPOINT WARNING * * *
!MASSIVE DAMAGE!
YOU LOST 17 HP!
You have now: 14/82 HP.
Okay, then.
Okay, then.
Unknown command.
Press: ? - help, v - describe, . - travel
Here: Joseph, wielding a +4 quarterstaff and wearing a +1 leather armour of poison resistance (moderately wounded, haloed)
The floor, spattered with blood.
Your divine halo glows too radiantly to become invisible.
Unknown command.
Unknown command.
Unknown command.
Unknown command.
You hit Joseph.
Joseph is moderately wounded.
You block Joseph's attack. Joseph hits you with a +4 quarterstaff!
You die...

Action                   |  1- 3 |  4- 6 |  7- 9 || total
-------------------------+-------+-------+-------++-------
Melee: War axe           |    72 |    99 |   165 ||   336
       Headbutt          |    14 |    14 |    25 ||    53
  Use: Potion            |       |     1 |     9 ||    10
  Eat: Chunk             |       |     4 |     5 ||     9
       Ration            |       |       |     1 ||     1
Armor: Scale mail        |    46 |    32 |     5 ||    83
       Leather armour    |       |       |    52 ||    52
       Skin              |       |       |     4 ||     4
Dodge: Dodged            |    23 |    31 |    54 ||   108
Block: Shield            |    35 |    54 |   102 ||   191

Notes
Turn   | Place    | Note
-------+----------+-------------------------------------------
     0 | D:1      | Redear the Minotaur Fighter began the quest for the Orb.
     0 | D:1      | Reached XP level 1. HP: 19/19 MP: 0/0
   194 | D:1      | Reached XP level 2. HP: 27/27 MP: 1/1
   237 | D:1      | You fall through a shaft!
   243 | D:2      | Found a faded altar of an unknown god.
   291 | D:2      | Became a worshipper of the Shining One
   291 | D:2      | Reached * piety under the Shining One
   426 | D:2      | Reached skill level 4 in Fighting
   429 | D:2      | Reached skill level 3 in Axes
   429 | D:2      | Reached skill level 4 in Armour
   429 | D:2      | Reached skill level 4 in Shields
   429 | D:2      | Reached XP level 3. HP: 33/33 MP: 2/2
   790 | D:2      | Reached ** piety under the Shining One
   798 | D:2      | Found a sparkling altar of Nemelex Xobeh.
   831 | D:2      | Reached XP level 4. HP: 26/40 MP: 3/3
  1329 | D:3      | Reached XP level 5. HP: 16/47 MP: 4/4
  1330 | D:3      | Reached skill level 4 in Axes
  1656 | D:3      | Reached skill level 5 in Fighting
  1656 | D:3      | Reached skill level 5 in Shields
  1679 | D:3      | Reached skill level 5 in Armour
  1805 | D:3      | Noticed Ijyb
  1812 | D:3      | Killed Ijyb
  1812 | D:3      | Reached XP level 6. HP: 51/56 MP: 5/5
  2464 | D:4      | Reached XP level 7. HP: 62/62 MP: 6/6
  2491 | D:4      | Reached skill level 5 in Axes
  2859 | D:5      | Entered Level 5 of the Dungeon
  2957 | D:5      | Found a staircase to the Ecumenical Temple.
  2962 | D:5      | Reached skill level 6 in Fighting
  2962 | D:5      | Reached skill level 6 in Shields
  2967 | D:5      | Reached skill level 6 in Armour
  3157 | D:5      | Reached *** piety under the Shining One
  3529 | D:6      | Reached XP level 8. HP: 40/71 MP: 7/7
  3531 | D:6      | Reached skill level 6 in Axes
  3811 | D:6      | Reached skill level 7 in Fighting
  3811 | D:6      | Reached skill level 7 in Armour
  3811 | D:6      | Reached skill level 7 in Shields
  4214 | D:7      | Noticed a hippogriff
  4244 | D:7      | Killed a hippogriff
  4244 | D:7      | Reached skill level 7 in Axes
  4423 | D:7      | Found a large runed translucent door.
  4429 | D:7      | Reached **** piety under the Shining One
  4430 | D:7      | Found a large runed translucent door.
  4437 | D:7      | Noticed brittlin's ghost (novice DrIE)
  4522 | D:7      | Killed brittlin's ghost
  4522 | D:7      | Reached skill level 8 in Fighting
  4522 | D:7      | Reached skill level 8 in Armour
  4522 | D:7      | Reached skill level 8 in Shields
  4522 | D:7      | Reached XP level 9. HP: 32/81 MP: 8/8
  4595 | D:7      | Found Jyrred's Gadget Shop.
  4647 | D:7      | Found a stormy altar of Qazlal.
  4668 | D:7      | Noticed Dowan
  4672 | D:7      | Noticed Duvessa
  4683 | D:7      | Killed Duvessa
  4683 | D:7      | Reached skill level 8 in Axes
  4683 | D:7      | Killed Dowan
  4787 | D:7      | Found Unleqaox's Book Shoppe.
  4796 | D:7      | Found Gustrih's Food Shop.
  4808 | D:7      | Noticed Joseph
  4818 | D:7      | Slain by Joseph

Table legend:
 A = Turns spent in this place as a percentage of turns spent in the entire game.
 B = Non-inter-level travel turns spent in this place as a percentage of non-inter-level travel turns spent in the entire game.
 C = Inter-level travel turns spent in this place as a percentage of turns spent in this place.
 D = Turns resting spent in this place as a percentage of non-inter-level travel turns spent in this place.
 E = Turns spent auto-exploring this place as a percentage of non-inter-level travel turns spent in this place.
 F = Non-inter-level travel turns spent in this place divided by the number of levels of this place that you've seen.
                   A       B       C       D       E      F
               +-------+-------+-------+-------+-------+----------------------
         Total | 100.0 | 100.0 |   4.7 |  10.9 |  69.5 | 655.9
       Dungeon | 100.0 | 100.0 |   4.7 |  10.9 |  69.5 | 655.9
               +-------+-------+-------+-------+-------+----------------------

Table legend:
 A = Kills in this place as a percentage of kills in entire the game.
 B = Kills by you in this place as a percentage of kills by you in the entire game.
 C = Kills by friends in this place as a percentage of kills by friends in the entire game.
 D = Other kills in this place as a percentage of other kills in the entire game.
 E = Experience gained in this place as a percentage of experience gained in the entire game.
 F = Experience gained in this place divided by the number of levels of this place that you have seen.
                   A       B       C       D       E      F
               +-------+-------+-------+-------+-------+----------------------
         Total | 100.0 | 100.0 |   N/A |   N/A | 100.0 | 583.7
       Dungeon | 100.0 | 100.0 |   N/A |   N/A | 100.0 | 583.7
               +-------+-------+-------+-------+-------+----------------------

Vanquished Creatures
  The ghost of brittlin the Chiller, a novice DrIE of Vehumet (D:7)
  A hippogriff (D:7)
  A water moccasin (D:5)
  2 ice beasts
  Duvessa (D:7)
  A black bear (D:7)
  A necrophage (D:7)
  3 centaurs
  2 ogres
  A bullfrog (D:7)
  Dowan (D:7)
  4 scorpions
  5 killer bees (D:7)
  3 crimson imps
  A quasit (D:6)
  A jelly (D:7)
  A hound (D:4)
  2 orc priests (D:3)
  An iguana (D:6)
  Ijyb (D:3)
  4 orc wizards
  5 worker ants
  A worker ant zombie (D:6)
  A howler monkey zombie (D:5)
  6 adders
  3 shadow imps
  An ooze (D:2)
  An adder zombie (D:2)
  An adder skeleton (D:5)
  A dart slug (D:3)
  5 leopard geckos
  26 orcs
  4 bats
  A bat zombie (D:2)
  4 giant cockroaches
  12 goblins
  6 hobgoblins
  6 jackals
  8 kobolds
  3 quokkas
  3 ball pythons
  5 frilled lizards
  2 giant cockroach zombies (D:2)
  A jackal skeleton (D:2)
  5 leopard gecko skeletons
  5 rats
154 creatures vanquished.
